 Dungeon Crawl Stone Soup version 0.30-a0-634-g8abc85282e (webtiles) character file.

Game seed: 2642957208550086858

1385 Vylera the Carver (level 8, -1/61 HPs)
             Began as a Demonspawn Gladiator on Jan 15, 2023.
             Slain by a shadow (29 damage)
             ... on level 5 of the Dungeon.
             The game lasted 00:12:09 (5045 turns).

Vylera the Carver (Demonspawn Gladiator)            Turns: 5045, Time: 00:12:09

Health: -1/61      AC:  9    Str: 14    XL:     8   Next: 40%
Magic:  8/8        EV: 12    Int: 11    God:
Gold:   552        SH:  0    Dex: 22    Spells: 7/7 levels left

rFire   . . .      SeeInvis .    a - +0 long sword
rCold   . . .      Faith    .    (no shield)
rNeg    . . .      Spirit   .    l - +1 ring mail {rPois}
rPois   +          Reflect  .    c - +0 helmet
rElec   .          Harm     .    (no cloak)
rCorr   .          Rampage  .    (no gloves)
Will    .....                    (no boots)
Stlth   +                        (no amulet)
HPRegen 0.30/turn                j - +6 ring of dexterity
MPRegen 0.11/turn                (no ring)

@: no status effects
A: hooves 2, icy blue scales 1, foul stench 2
a: no special abilities


You were on level 5 of the Dungeon.
You visited 1 branch of the dungeon, and saw 5 of its levels.
You also visited: Sewer and Ossuary.

You collected 552 gold pieces.

Inventory:

Hand Weapons
 a - a +0 long sword (weapon)
Missiles
 d - 3 throwing nets (quivered)
 e - 5 javelins
 o - 9 poisoned darts
 p - 5 boomerangs of dispersal
 r - 6 datura-tipped darts
 y - 3 silver boomerangs
Armour
 b - a +0 leather armour
 c - a +0 helmet (worn)
 l - a +1 ring mail of poison resistance (worn)
Jewellery
 j - a +6 ring of dexterity (left hand)
 q - a ring of magical power
Wands
 t - a wand of digging (4)
 x - a wand of paralysis (14)
Scrolls
 f - 3 scrolls of teleportation
 h - a scroll of butterflies {unknown}
 m - a scroll of vulnerability {unknown}
 n - 2 scrolls of fear
 z - a scroll of silence {unknown}
 B - a scroll of torment {unknown}
 C - a scroll of poison {unknown}
 D - a scroll of noise {unknown}
Potions
 g - a potion of curing
 i - a potion of invisibility {unknown}
 k - a potion of degeneration {unknown}
 s - a potion of mutation {unknown}
 u - a potion of heal wounds {unknown}
 v - 2 potions of brilliance {unknown}
 w - a potion of haste {unknown}
 A - a potion of attraction {unknown}


   Skills:
 + Level 4.6 Fighting
 * Level 8.5 Long Blades
 - Level 1.7 Throwing
 - Level 3.1 Armour
 - Level 2.6 Dodging


You had 7 spell levels left.
You didn't know any spells.
Your spell library contained the following spells:

 Spells                   Type           Power      Damage    Failure   Level
 Necrotise                Necr           0%         1d4       56%         1
 Gell's Gravitas          Tloc           0%         N/A       91%         3
 Ignite Poison            Fire/Tmut/Pois 0%         N/A       91%         3
 Lesser Beckoning         Tloc           0%         N/A       91%         3
 Teleport Other           Tloc           0%         N/A       91%         3
 Vampiric Draining        Necr           0%         2d6       91%         3
 Sticky Flame             Conj/Fire      0%         2d3       100%        4
 Agony                    Necr           0%         N/A       100%        5
 Ignition                 Fire           0%         3d3       100%        8


Dungeon Overview and Level Annotations

Branches:
Dungeon (5/15)              Sewer (visited)         Ossuary (visited)
 Temple: D:4-7

Altars:

Shops:
D:5 *

Annotations:
D:3 3 runed translucent doors, bmack86's ghost, amateur MiFi


Innate Abilities, Weirdness & Mutations

You have hoof-like feet.
You are partially covered in icy blue scales. (AC +2)
You sometimes emit foul miasma when damaged in melee.


Message History

The shadow hits you. The howler monkey hits you.
The howler monkey hits you but does no damage.
There is an open door here.
You closely miss the shadow. You kick the shadow.
The shadow is moderately damaged.
The howler monkey hoots and howls with incredible vigour!
The shadow misses you. The howler monkey barely misses you.
You barely miss the shadow.
The shadow is moderately damaged.
The shadow hits you.
The howler monkey hits you but does no damage.
You barely miss the shadow.
The shadow is moderately damaged.
The shadow hits you. The howler monkey barely misses you.
You barely miss the shadow.
The shadow is moderately damaged.
The shadow slips into darkness.
The shadow flickers and vanishes!
Deactivating autopickup; reactivate with Ctrl-A.
The howler monkey hits you but does no damage.
You hit something but do no damage. You kick something.
The howler monkey hits you.
You emit a cloud of foul miasma!
The shadow strikes at you from the darkness!
Reactivating autopickup.
You hit the howler monkey. You kick the howler monkey.
The howler monkey is moderately wounded.
The howler monkey is engulfed in dark miasma.
The howler monkey is poisoned.
The howler monkey completely misses you.
The shadow hits you.
You closely miss the howler monkey. You kick the howler monkey.
The howler monkey is severely wounded.
The howler monkey is engulfed in dark miasma.
The howler monkey looks even sicker.
You kill the howler monkey!
The shadow slips into darkness.
The shadow flickers and vanishes!
Deactivating autopickup; reactivate with Ctrl-A.
The shadow strikes at you from the darkness!
You die...

..#####..#..#..#####
>.#......#s.#......#
..#......#..#......#
..#..#####..#####..#
[.# #..#......# #.#
#..#......# #.#
#..#..##### #.#
#..#..#[.?# ..#
#..#..#@)?# ###
#..#..'{.)#
##..########
######...#
#........#
#.######.####
#.#.........#
####.#.#....##.####
.....# #.#####....#


There were no monsters in sight!

Vanquished Creatures
  A water moccasin (D:5)
  An ice beast (D:5)
  2 black bears (D:5)
  An ogre (D:5)
  A kobold brigand (Sewer)
  A necrophage (D:5)
  An elf zombie (Ossuary)
  A bullfrog (D:5)
  A scorpion (D:4)
  A howler monkey (D:5)
  A centaur zombie (Ossuary)
  2 orc priests
  2 hounds (D:5)
  A gnoll bouda (D:5)
  An orc wizard (D:5)
  3 mummies
  Robin (D:3)
  7 river rats
  13 adders
  A shadow imp (D:5)
  A white imp (D:5)
  2 worms (D:4)
  3 dart slugs
  9 orcs
  3 bats
  2 bat zombies (D:2)
  6 endoplasms
  3 giant cockroaches
  7 goblins
  9 hobgoblins
  4 jackals (Sewer)
  A quokka (D:3)
  6 ball pythons
  A ball python skeleton (D:2)
  A ball python zombie (D:2)
  8 frilled lizards
  3 giant cockroach zombies (D:2)
  4 gnoll zombies (Ossuary)
  4 goblin zombies (Ossuary)
  3 hobgoblin zombies (Ossuary)
  5 kobolds
  A kobold zombie (D:4)
  2 orc zombies
  A quokka skeleton (D:2)
  11 rats
143 creatures vanquished.

Vanquished Creatures (others)
  3 plants (Sewer)
3 creatures vanquished.

Grand Total: 146 creatures vanquished

Notes
Turn   | Place    | Note
-------+----------+-------------------------------------------
     0 | D:1      | Vylera the Demonspawn Gladiator began the quest for the
                  | Orb.
     0 | D:1      | Reached XP level 1. HP: 16/16 MP: 1/1
   154 | D:1      | Reached skill level 3 in Long Blades
   215 | D:1      | Gained mutation: You have large cloven feet. [demonic
                  | ancestry]
   215 | D:1      | Reached XP level 2. HP: 14/22 MP: 2/2
   935 | D:2      | Reached skill level 4 in Long Blades
   935 | D:2      | Reached XP level 3. HP: 27/27 MP: 3/3
  1612 | D:3      | Found a runed translucent gate.
  1612 | D:3      | Found a runed translucent gate.
  1688 | D:3      | Reached skill level 1 in Armour
  1688 | D:3      | Gained mutation: You have hoof-like feet. [demonic
                  | ancestry]
  1688 | D:3      | Reached XP level 4. HP: 24/33 MP: 4/4
  1732 | D:3      | Found a runed translucent gate.
  1734 | D:3      | Noticed bmack86's ghost (amateur MiFi)
  2110 | D:3      | Noticed Robin
  2120 | D:3      | Killed Robin
  2364 | D:4      | Gained mutation: You may rarely emit foul miasma when
                  | damaged in melee. [demonic ancestry]
  2364 | D:4      | Reached XP level 5. HP: 38/38 MP: 5/5
  2391 | D:4      | Found a sand-covered staircase.
  2397 | D:4      | Reached skill level 5 in Long Blades
  2456 | Ossuary  | Entered an ossuary
  2631 | Ossuary  | Gained mutation: You are partially covered in icy blue
                  | scales. (AC +2) [demonic ancestry]
  2631 | Ossuary  | Reached XP level 6. HP: 35/44 MP: 6/6
  2805 | D:4      | Found a glowing drain.
  2817 | Sewer    | Entered a sewer
  2975 | Sewer    | Reached skill level 6 in Long Blades
  3671 | D:4      | Reached XP level 7. HP: 50/50 MP: 7/7
  4063 | D:5      | Entered Level 5 of the Dungeon
  4270 | D:5      | Reached skill level 7 in Long Blades
  4480 | D:5      | Found Muthoz's Neck Hole.
  4659 | D:5      | Gained mutation: You sometimes emit foul miasma when
                  | damaged in melee. [demonic ancestry]
  4659 | D:5      | Reached XP level 8. HP: 11/60 MP: 8/8
  4933 | D:5      | Reached skill level 8 in Long Blades
  5045 | D:5      | Slain by a shadow

Illustrated notes

Levels and vault maps discovered:
D:1:      mrwooster_arrival_statue_3, layout_basic
D:2:      layout_basic, serial_undead, serial_undead_e, serial_undead_b,
          serial_undead_a, serial_undead_f
D:3:      layout_loops_ring, biasface_ghost_orc_armoury,
          hangedman_abyss_or_decor_stabs, uniq_robin
D:4:      layout_gridville, nicolae_ossuary_entry_giza, gup_sewer_entry_bubbles
D:5:      kennysheep_windowed_halls, layout_basic,
          nicolae_shop_sticking_my_neck_out

Skill      XL: |  1  2  3  4  5  6  7  8 |
---------------+-------------------------+-----
Long Blades    | 3 4 5 6 7 8 |  8.5
Armour         | 1 2 3 |  3.1
Fighting       | 3 4 |  4.6
Throwing       | |  1.7
Dodging        | |  2.6

Action                   |  1- 3 |  4- 6 |  7- 9 || total
-------------------------+-------+-------+-------++-------
Melee: Long sword        |    95 |   260 |   111 ||   466
       Kick              |    16 |    59 |    38 ||   113
       Punch             |       |     4 |     2 ||     6
Throw: Throwing net      |       |       |     2 ||     2
  Use: Scroll            |       |     5 |       ||     5
       Potion            |       |       |     1 ||     1
 Stab: Sleeping          |     3 |     1 |       ||     4
Armor: Leather armour    |    23 |       |       ||    23
       Ring mail         |    11 |   145 |    60 ||   216
Dodge: Dodged            |    64 |   210 |    77 ||   351

Table legend: (Time is in decaauts)
 A = Elapsed time spent in this place.
 B = Non-inter-level travel time spent in this place.
 C = Inter-level travel time spent in this place.
 D = Time resting spent in this place.
 E = Time spent auto-exploring this place.
 F = Levels seen in this place.
 G = Mean time per level.
                   A        B        C        D        E       F      G
               +--------+--------+--------+--------+--------+-----+--------+
         Total |   5272 |   5171 |    101 |    569 |   3326 |   7 |  753.1 |
       Dungeon |   4138 |   4037 |    101 |    408 |   2701 |   5 |  827.6 |
         Sewer |    888 |    888 |      0 |     68 |    624 |   1 |  888.0 |
       Ossuary |    246 |    246 |      0 |     93 |      0 |   1 |  246.0 |
               +--------+--------+--------+--------+--------+-----+--------+

Top non-repeatable levels by time:
     D:5: 985 daAuts
   Sewer: 888 daAuts
     D:1: 850 daAuts
     D:2: 842 daAuts
     D:4: 777 daAuts
     D:3: 682 daAuts
 Ossuary: 246 daAuts
